 Dungeon Crawl Stone Soup version 0.18-a0-1347-gb9e2fb4 (webtiles) character file.

1570 M4edhros the Martial Artist (level 8, -5/58 HPs)
             Began as a Mummy Monk on Feb 17, 2016.
             Slain by an ogre
             ... wielding a +0 giant club
              (14 damage)
             ... on level 5 of the Dungeon.
             The game lasted 00:15:10 (9193 turns).

M4edhros the Martial Artist (Mummy Monk)            Turns: 9193, Time: 00:15:10

Health: -5/58      AC:  8    Str: 20    XL:     8   Next: 59%
Magic:  8/8        EV: 13    Int: 10    God:
Gold:   265        SH:  0    Dex: 16    Spells: 0 memorised, 7 levels left

rFire  x . .     SeeInvis +       - Unarmed
rCold  + . .     Gourm    .     (no armour)
rNeg   + + +     Faith    .     (no shield)
rPois  ∞         Spirit   .     n - +2 helmet {SInv}
rElec  .         Dismiss  .     u - +1 cloak of the Quahog {MR+}
rCorr  .         Reflect  .     i - +2 pair of gloves
SustAt .         Harm     .     (no boots)
MR     ++...                    (no amulet)
Stlth  +++.......               h - +6 ring of strength
                                (no ring)

@: very resistant to hostile enchantments, fairly stealthy
A: no food or potions, fire vulnerability, cold resistance 1, negative energy
resistance 3, torment resistance, unbreathing
a: no special abilities


You were on level 5 of the Dungeon.
You were not hungry.

You visited 1 branch of the dungeon, and saw 6 of its levels.

You collected 265 gold pieces.

Inventory:

Armour
 i - a +2 pair of gloves (worn)
 n - a +2 helmet of see invisible (worn)
 u - the +1 cloak of the Quahog (worn) {MR+}
   (You found it on level 5 of the Dungeon)

   It affects your resistance to hostile enchantments.
Jewellery
 f - an uncursed ring of sustain attributes
 h - a +6 ring of strength (right hand)
 v - an uncursed ring of ice
Wands
 r - a wand of iceblast (9/15)
 t - a wand of enslavement (6/24)
 x - a wand of polymorph (9/24)
 y - a wand of slowing (12/48)
Scrolls
 a - 2 scrolls of amnesia {unknown}
 b - 3 scrolls of recharging
 c - 3 scrolls of enchant weapon
 e - a scroll of teleportation {unknown}
 g - 3 scrolls of remove curse {unknown}
 o - 2 scrolls of random uselessness {unknown}
 q - a scroll of blinking {unknown}
 s - a scroll of fog {unknown}
 w - a scroll of vulnerability {unknown}
Comestibles
 d - 2 bread rations (quivered)
 j - 3 meat rations
 k - a beef jerky
 l - 2 royal jellies
 m - a fruit
 p - 2 slices of pizza


   Skills:
 - Level 3.0 Fighting
 - Level 2.4 Dodging
 + Level 6.0 Stealth
 * Level 8.1 Unarmed Combat


You had 7 spell levels left.
You didn't know any spells.

Dungeon Overview and Level Annotations

Branches:
Dungeon (6/15)             Temple (0/1) D:6

Altars:
Ashenzari
Elyvilon
Fedhas
Gozag
Xom
The Shining One

Annotations:
D:3 Scytalen's ghost, weakling MiGl


Innate Abilities, Weirdness & Mutations

You do not eat or drink.
Your flesh is vulnerable to fire.
You are immune to poison.
Your flesh is cold resistant.
You are immune to negative energy.
You are immune to unholy pain and torment.
You can survive without breathing.


Message History

The ogre is lightly wounded.
The ogre misses you.
You punch the ogre!
The ogre is moderately wounded.
You hit the ogre.
The ogre is heavily wounded.
The ogre completely misses you.
You hit the ogre.
The ogre is heavily wounded.
The ogre hits you with a giant club!
You closely miss the ogre.
The ogre is heavily wounded.
The ogre hits you with a giant club!
* * * LOW HITPOINT WARNING * * *
You hit the ogre.
The ogre is severely wounded.
You hit the ogre.
The ogre is almost dead.
The ogre hits you with a giant club!
You die...

######## ##......##
#........## ###
..........# #.#
..........# #@#
....[.....# #O#
..........# #.#
..........# #.#
#........## ##.###
#........## #....#
..........# ##....#
..........####....##
..........##.)...##


You could see an ogre.

Vanquished Creatures
  An ice beast (D:5)
  3 sky beasts
  A phantom (D:5)
  2 ogres
  Blork the orc (D:6)
  2 giant frogs (D:4)
  4 scorpions
  4 crimson imps (D:5)
  2 hounds
  An orc wizard (D:3)
  Ijyb (D:3)
  An iguana (D:5)
  A worker ant (D:6)
  A hound zombie (D:6)
  A worker ant zombie (D:5)
  Robin (D:2)
  4 gnolls (D:4)
  6 adders
  2 oozes
  An adder skeleton (D:4)
  5 worms
  7 giant geckos
  17 orcs
  6 bats
  3 giant cockroaches
  14 goblins
  9 hobgoblins
  6 jackals
  9 kobolds
  3 quokkas
  2 giant newts
  9 rats
130 creatures vanquished.

Notes
Turn   | Place    | Note
--------------------------------------------------------------
     0 | D:1      | M4edhros the Mummy Monk began the quest for the Orb.
     0 | D:1      | Reached XP level 1. HP: 18/18 MP: 1/1
     6 | D:1      | 1st of last 3 approaches
   486 | D:1      | Reached XP level 2. HP: 5/24 MP: 2/2
  1367 | D:2      | Found an opulent altar of Gozag.
  1390 | D:2      | Reached skill level 4 in Unarmed Combat
  1390 | D:2      | Reached XP level 3. HP: 25/29 MP: 3/3
  1440 | D:2      | Found a faded altar to an unknown god.
  1568 | D:2      | Found a blossoming altar of Fedhas.
  1784 | D:2      | Found a glowing golden altar of the Shining One.
  1872 | D:2      | Found a white marble altar of Elyvilon.
  3588 | D:2      | Reached XP level 4. HP: 31/35 MP: 4/4
  3860 | D:3      | Found a shattered altar of Ashenzari.
  4071 | D:3      | Noticed Ijyb
  4110 | D:3      | Killed Ijyb
  4319 | D:3      | ring of 6 str
  4366 | D:3      | +2 gloves
  4386 | D:3      | Found a shimmering altar of Xom.
  4677 | D:3      | Reached XP level 5. HP: 39/41 MP: 5/5
  5115 | D:3      | Noticed Scytalen's ghost (weakling MiGl)
  5485 | D:3      | Noticed Robin
  5487 | D:3      | Noticed an ogre
  5554 | D:3      | Killed an ogre
  5554 | D:3      | Reached skill level 5 in Unarmed Combat
  5555 | D:3      | first ogre kill
  5605 | D:3      | Reached XP level 6. HP: 35/47 MP: 6/6
  5634 | D:2      | Killed Robin
  5774 | D:2      | helm of see invisible +00
  5780 | D:2      | 2 scrolls of enchant armour, 6 ac right now
  6581 | D:4      | doin pretty well, scorpions die easily
  6619 | D:4      | first giant frog
  7066 | D:4      | shitty lvl 4, no exp nearly at all
  7085 | D:5      | Entered Level 5 of the Dungeon
  7089 | D:5      | Reached skill level 6 in Unarmed Combat
  7089 | D:5      | Reached XP level 7. HP: 52/52 MP: 7/7
  7540 | D:5      | Noticed Blork the orc
  7542 | D:5      | artifact cloak
  7542 | D:5      | and blork protecting it
  7786 | D:5      | Got a crude cloak
  7792 | D:5      | Identified the +1 cloak of the Quahog {MR+} (You found it on level 5 of the Dungeon)
  7792 | D:5      | cloak +1 mr :/
  7801 | D:5      | still 8 ac atm
  8037 | D:5      | Reached skill level 5 in Stealth
  8037 | D:5      | Reached skill level 7 in Unarmed Combat
  8077 | D:5      | Reached XP level 8. HP: 56/58 MP: 8/8
  8385 | D:6      | Found a staircase to the Ecumenical Temple.
  8827 | D:5      | Reached skill level 8 in Unarmed Combat
  8915 | D:6      | Killed Blork the orc
  9193 | D:5      | Slain by an ogre

Vault maps used:
D:1:      dpeg_arrival_snail, serial_bayou_pond_c, fountainhead
D:2:      lemuel_round_altar, old_standard_altar, lemuel_doored_altar,
          ecumenical_altar_2, nicolae_gozag_seed_capital
D:3:      xom_teletrap_fun, nicolae_ashenzari_panopticon, uniq_robin, uniq_iyjb
D:5:      first_bread, uniq_blork_the_orc
D:6:      grunt_pakellas_sulfur, cheibriados_altar_1, minmay_temple_entry_mist

Action                   |  1- 3 |  4- 6 |  7- 9 || total
-------------------------+-------+-------+-------++-------
Melee: Unarmed           |   129 |   228 |   238 ||   595
  Use: Scroll            |       |     5 |       ||     5
 Stab: Sleeping          |     5 |     5 |     1 ||    11
